 Dungeon Crawl Stone Soup version 0.21-a0-529-g8c7b3f5d53 (webtiles) character file.

76436 JackS81 the Peltast (level 15, -10/96 HPs)
             Began as a Gargoyle Fighter on Dec 10, 2017.
             Was a High Priest of Qazlal.
             Mangled by a shambling mangrove (22 damage)
             ... on level 2 of the Swamp on Dec 11, 2017.
             The game lasted 01:41:20 (20149 turns).

JackS81 the Peltast (Gargoyle Fighter)             Turns: 20149, Time: 01:41:20

Health: -10/96     AC: 34    Str: 27    XL:     15   Next: 53%
Magic:  24/29      EV:  9    Int:  9    God:    Qazlal [*****.]
Gold:   1600       SH: 24    Dex: 15    Spells: 15/16 levels left

rFire    . . .     SeeInvis +   d - +4 whip (vamp)
rCold    . . .     Gourm    .   T - +3 shield {reflect}
rNeg     + . .     Faith    +   R - +0 shadow dragon scales
rPois    ∞         Spirit   .   c - +1 hat {SInv}
rElec    +         Reflect  +   (no cloak)
rCorr    .         Harm     .   u - +0 pair of gloves
MR       +....                  (no boots)
Stlth    +.........             i - amulet of faith
HPRegen  0.26/turn              Y - +2 ring of dexterity
MPRegen  0.21/turn              S - ring of magical power

@: mighty, grasped by roots, protected from physical damage, hasted, repel
missiles, quick
A: big wings, icy blue scales 1, negative energy resistance 1, electricity
resistance, unbreathing, petrification resistance, no potion heal 1, rot
immunity, AC +11
a: Fly, Upheaval, Elemental Force, Disaster Area, Renounce Religion


You were on level 2 of the Swamp.
You worshipped Qazlal.
Qazlal was extremely pleased with you.
You were hungry.

You visited 5 branches of the dungeon, and saw 21 of its levels.
You also visited: Bailey.

You collected 1600 gold pieces.

Inventory:

Hand Weapons
 d - a +4 vampiric whip (weapon)
 N - a +3 flail of holy wrath
 U - a cursed +2 dire flail
Missiles
 e - 551 bolts
 p - 113 poisoned needles
 y - 401 arrows
Armour
 c - a +1 hat of see invisible (worn)
 s - a +2 ring mail of magic resistance
 u - a +0 pair of gloves (worn)
 R - +0 shadow dragon scales (worn)
 T - a +3 shield of reflection (worn)
Jewellery
 i - an amulet of faith (around neck)
 S - a ring of magical power (right hand)
 Y - a +2 ring of dexterity (left hand)
Wands
 t - a wand of disintegration (14)
 v - a wand of digging (47)
 z - a wand of polymorph (4)
 K - a wand of random effects (54)
 O - a wand of flame (37)
 Z - a wand of iceblast (9)
Scrolls
 g - 7 scrolls of teleportation
 h - 3 scrolls of magic mapping
 j - 2 scrolls of fog {unknown}
 l - 5 scrolls of remove curse
 m - 8 scrolls of identify
 n - 3 scrolls of vulnerability {unknown}
 w - 3 scrolls of random uselessness {unknown}
 B - a scroll of amnesia
 C - a scroll of holy word {unknown}
 D - 4 scrolls of immolation {unknown}
 I - 5 scrolls of fear {unknown}
 J - a scroll of enchant weapon
 V - a scroll of summoning {unknown}
Potions
 b - 2 potions of might
 o - a potion of haste
 r - a potion of ambrosia
 A - 2 potions of berserk rage {unknown}
 E - a potion of cancellation {unknown}
 F - a potion of mutation
 G - 2 potions of resistance
 L - 3 potions of lignification {unknown}
 M - 3 potions of curing
 P - a potion of agility
 X - 2 potions of brilliance {unknown}
Miscellaneous
 a - a lamp of fire
 W - a fan of gales
Comestibles
 f - 9 bread rations
 q - 8 meat rations
 Q - 6 royal jellies


   Skills:
 * Level 11.6 Fighting
 - Level 13.2 Maces & Flails
 * Level 12.3 Armour
 + Level 6.3 Dodging
 - Level 15.0 Shields
 - Level 1.0 Spellcasting
 - Level 2.0 Summonings
 * Level 7.2 Invocations
 * Level 6.0 Evocations


You had 15 spell levels left.
You knew the following spells:

 Your Spells              Type           Power        Failure   Level  Hunger
a - Summon Small Mammal   Summ           #...         54%         1    ##.....


Dungeon Overview and Level Annotations

Branches:
Dungeon (9/15)             Temple (1/1) D:5            Lair (6/6) D:9
  Swamp (3/4) Lair:3       Spider (0/4) Lair:3        Slime (0/5) Lair:5
    Orc (2/2) D:9             Elf (0/3) Orc:2

Altars:
Ashenzari
Cheibriados
Dithmenos
Elyvilon
Fedhas
Gozag
Hepliaklqana
Kikubaaqudgha
Makhleb
Nemelex Xobeh
Okawaru
Qazlal
Ru
Sif Muna
Trog
Uskayaw
Vehumet
Wu Jian
Xom
Yredelemnul
Zin
The Shining One
Jiyva

Shops:
Orc:2 [[[

Annotations:
Lair:1 exclusion: oklob plant
Lair:5 exclusion: oklob plant
Swamp:3 SnubMonkey's ghost, adept DsWn


Innate Abilities, Weirdness & Mutations

You are resistant to torment.
Your stone body is resilient. (AC +11)
You are immune to poison.
Your large and strong wings let you fly indefinitely.
You resist negative energy. (rN+)
You are resistant to electric shocks. (rElec)
You can survive without breathing.
You are immune to petrification.
You are immune to rotting.
You are partially covered in icy blue scales. (AC +2)
Potions are less effective at restoring your health.


Message History

You feel yourself speed up.
Your air elemental hits the insubstantial wisp!
The insubstantial wisp is destroyed!
Qazlal accepts your kill.
The alligator is engulfed in a cloud of scalding steam.
You block the alligator's attack. x2; You block the hornet's attack.
The hornet is engulfed in freezing vapours.
Your water elemental hits the shambling mangrove!
You block the eight-headed hydra's attack.
The eight-headed hydra bites you but does no damage. x3
The eight-headed hydra closely misses you.
The eight-headed hydra bites you but does no damage. x2
The eight-headed hydra bites you.
* * * LOW HITPOINT WARNING * * *
Okay, then.
You fail to use your ability.
You block the alligator's attack.
The alligator tail-slaps you but does no damage.
You block the hornet's attack. The hornet barely misses you.
The shambling mangrove hits you!!
You die...

♣ ♣≈≈♣...≈≈≈≈≈≈.≈..♣ ♣♣♣♣≈≈♣♣♣.
♣♣♣♣♣♣♣♣.≈.♣♣≈≈≈.....♣♣♣≈≈≈♣♣♣♣♣.
♣≈≈≈.≈≈[≈≈≈♣≈.<.≈≈≈≈.≈.≈≈)♣≈.♣♣≈
♣♣≈§...[[[♣♣♣♣♣♣.≈≈≈≈......)≈≈≈..
♣≈.≈≈..≈≈.♣♣♣≈≈≈.≈≈≈..♣♣♣♣≈...≈.≈
≈≈≈....≈♣♣≈≈.≈≈.≈.....♣♣.≈...≈≈♣♣
≈≈≈§≈≈≈.♣♣♣♣≈≈≈§♣E≈≈≈.♣♣≈≈.♣..♣♣♣
≈≈≈≈≈≈≈≈.≈♣≈.≈.♣DE≈≈≈♣♣♣.≈≈♣.≈.♣.
.....§≈≈≈≈...≈..@fy.≈♣♣≈.♣♣♣♣..≈.
♣≈≈≈≈≈..≈♣♣..≈§tyy.≈♣♣♣♣...♣♣♣≈≈≈
♣♣♣♣♣.≈♣≈♣♣≈..§.§§§♣♣♣♣♣♣♣♣♣♣♣♣.≈
)†.♣♣≈♣♣≈≈≈♣≈.≈...♣♣.≈≈.♣♣≈≈.♣...
.<.♣♣♣♣≈.≈≈≈.≈....♣§....♣.≈..≈...
)♣♣♣ ♣.≈≈≈≈≈≈≈≈.≈♣≈≈≈≈..≈.≈♣♣≈§.
.♣ ♣.§≈≈..≈≈.♣♣♣♣≈..≈♣♣≈♣♣.≈≈. ♣♣
♣♣.§.♣♣♣≈♣♣ ♣♣..♣♣♣♣♣♣♣≈.. ♣♣♣♣♣
♣♣♣ ♣♣♣♣ ♣♣≈.


You could see a shambling mangrove, an alligator, an eight-headed hydra, 3
hornets, a friendly water elemental and a friendly air elemental.

Vanquished Creatures
  3 thorn hunters
  The ghost of brujo666 the Grappler, a journeyman TrMo (Lair:4)
  A ghost crab (Swamp:3)
  9 hydras
  3 alligators
  2 death yaks (Lair:4)
  A two-headed ogre (D:8)
  The ghost of Turtleman12345 the Magician, a novice GnSk of Ashenzari (D:9)
  A spriggan druid (Swamp:2)
  4 swamp dragons
  An orc knight (Orc:2)
  An orc sorcerer (Orc:1)
  5 ugly things (Swamp:1)
  3 black mambas
  18 elephants
  29 spiny frogs
  A rime drake (Lair:3)
  7 komodo dragons
  3 trolls
  6 tyrant leeches
  6 hornets
  2 polar bears
  26 blink frogs
  3 slime creatures (Swamp:1)
  2 bog bodies (Swamp:2)
  5 dream sheep
  8 spriggans
  6 hippogriffs
  4 wyverns (Lair:4)
  2 redbacks (Lair:3)
  25 yaks
  4 fire bats (Lair:2)
  2 basilisks
  22 vampire mosquitoes
  5 insubstantial wisps (Swamp:1)
  A warg (Orc:1)
  14 swamp worms
  11 water moccasins
  Duvessa (D:7)
  Edmund (D:6)
  11 porcupines
  18 orc warriors
  3 sky beasts
  4 ice beasts
  2 phantoms (D:7)
  4 swamp drakes
  2 ogres
  A necrophage (D:9)
  20 wolves
  7 centaurs
  A black bear (D:6)
  13 crocodiles
  23 bullfrogs
  A scorpion (D:5)
  Dowan (D:7)
  7 wights
  2 electric eels
  A howler monkey (D:5)
  3 crimson imps
  A bullfrog zombie (D:6)
  A centaur zombie (D:7)
  4 hounds
  A bullfrog skeleton (D:8)
  A centaur skeleton (D:9)
  11 orc priests
  5 iguanas
  10 orc wizards
  6 hell rats (Lair:5)
  8 worker ants
  2 hound skeletons
  2 worker ant zombies
  12 adders
  11 gnolls
  2 shadow imps
  2 oozes
  An adder zombie (D:6)
  An adder skeleton (D:4)
  2 worms
  A dart slug (D:1)
  4 leopard geckos
  46 orcs
  A ball python (D:3)
  A giant cockroach (D:2)
  13 goblins
  6 hobgoblins
  2 jackals (D:2)
  9 kobolds
  8 quokkas
  6 bats
  5 frilled lizards
  2 rats
  A butterfly (Lair:3)
562 creatures vanquished.

Vanquished Creatures (collateral kills)
  A hydra (Swamp:2)
  A shambling mangrove (Swamp:2)
  2 hornets (Swamp:2)
  3 slime creatures (Swamp:1)
  3 yaks (Lair:4)
  A warg (Orc:2)
  An insubstantial wisp (Swamp:2)
  4 orc warriors (Orc:2)
  An orc priest (Orc:2)
  2 orc wizards
  A goblin (Orc:1)
20 creatures vanquished.

Vanquished Creatures (others)
  A swamp dragon (Swamp:2)
  An orc knight (Orc:2)
  A spiny frog (Swamp:3)
  5 orc warriors
  10 centaurs
  4 orcs (Orc:2)
  6 kobolds (Bailey)
  2 briar patches (Swamp:1)
  21 fungi
  46 plants
97 creatures vanquished.

Grand Total: 679 creatures vanquished

Notes
Turn   | Place    | Note
-------+----------+-------------------------------------------
     0 | D:1      | JackS81 the Gargoyle Fighter began the quest for the Orb.
     0 | D:1      | Reached XP level 1. HP: 14/14 MP: 1/1
    71 | D:1      | Reached XP level 2. HP: 18/19 MP: 2/2
   713 | D:2      | Reached XP level 3. HP: 22/23 MP: 3/3
   939 | D:2      | Reached XP level 4. HP: 19/28 MP: 4/4
  1030 | D:2      | Found an ornate altar of the Wu Jian Council.
  1647 | D:3      | Reached skill level 5 in Maces & Flails
  1909 | D:3      | Reached XP level 5. HP: 32/32 MP: 5/5
  2281 | D:4      | Learned a level 1 spell: Summon Small Mammal
  2569 | D:4      | Reached XP level 6. HP: 37/37 MP: 6/6
  2882 | D:4      | Reached skill level 1 in Summonings
  2983 | D:5      | Entered Level 5 of the Dungeon
  3022 | D:5      | Reached skill level 1 in Evocations
  3051 | D:5      | Reached XP level 7. HP: 41/41 MP: 7/7
  3096 | D:5      | Reached skill level 4 in Shields
  3340 | D:5      | Found a staircase to the Ecumenical Temple.
  3366 | D:5      | Reached XP level 8. HP: 42/48 MP: 9/9
  3374 | Temple   | Entered the Ecumenical Temple
  3459 | Temple   | Became a worshipper of Qazlal Stormbringer
  3942 | D:6      | Reached * piety under Qazlal
  3972 | D:6      | Reached skill level 1 in Spellcasting
  3976 | D:6      | Reached skill level 5 in Shields
  4046 | D:6      | Reached skill level 1 in Invocations
  4264 | D:6      | Reached skill level 1 in Dodging
  4706 | D:6      | Noticed Edmund
  4726 | D:6      | Killed Edmund
  4790 | D:6      | Reached XP level 9. HP: 50/52 MP: 10/10
  4951 | D:7      | Noticed Dowan
  5020 | D:7      | Killed Dowan
  5135 | D:7      | Got a crude dagger
  5197 | D:7      | Found a sacrificial altar of Ru.
  5201 | D:7      | Noticed Duvessa
  5232 | D:7      | Killed Duvessa
  5232 | D:7      | Reached skill level 6 in Shields
  5380 | D:7      | Identified the +5 dagger of Wid Femuu {speed, rPois Str-3 Stlth+} (You found it on level 7 of the Dungeon)
  5551 | D:7      | Reached ** piety under Qazlal
  6613 | D:8      | Reached skill level 5 in Armour
  6748 | D:8      | Noticed a two-headed ogre
  6776 | D:8      | Killed a two-headed ogre
  6776 | D:8      | Reached skill level 7 in Shields
  7353 | D:9      | Reached skill level 5 in Fighting
  7353 | D:9      | Reached XP level 10. HP: 50/59 MP: 12/12
  7479 | D:9      | Noticed an elephant
  7525 | D:9      | Killed an elephant
  7567 | D:9      | Reached skill level 8 in Shields
  7683 | D:9      | Found a staircase to the Orcish Mines.
  7695 | D:9      | Found a staircase to the Lair.
  7699 | D:9      | Noticed Turtleman12345's ghost (novice GnSk)
  7765 | D:9      | Killed Turtleman12345's ghost
  7774 | D:9      | Reached *** piety under Qazlal
  7819 | D:9      | Reached skill level 10 in Maces & Flails
  8328 | Lair:1   | Entered Level 1 of the Lair of Beasts
  8334 | Lair:1   | Noticed a spiny frog
  8382 | Lair:1   | Killed a spiny frog
  8382 | Lair:1   | Reached skill level 9 in Shields
  8535 | Lair:1   | Reached XP level 11. HP: 11/64 MP: 10/13
  8538 | Lair:1   | Gained mutation: Potions are less effective at restoring your health. [potion of mutation]
  8538 | Lair:1   | Gained mutation: You are partially covered in icy blue scales. (AC +2) [potion of mutation]
  8593 | Lair:1   | Noticed an oklob plant
  8644 | Lair:1   | Reached skill level 10 in Shields
  9473 | Lair:2   | Reached **** piety under Qazlal
  9662 | Lair:2   | Reached skill level 11 in Shields
 10630 | Lair:3   | Noticed a seven-headed hydra
 10669 | Lair:2   | Killed a seven-headed hydra
 10669 | Lair:2   | Reached XP level 12. HP: 70/70 MP: 14/14
 10705 | Lair:3   | Reached skill level 12 in Shields
 10811 | Lair:2   | Reached ***** piety under Qazlal
 11173 | Lair:3   | Noticed a five-headed hydra
 11214 | Lair:3   | Killed a five-headed hydra
 11339 | Lair:3   | Reached skill level 13 in Shields
 11787 | Lair:3   | Found a hole to the Spider Nest.
 12064 | Lair:3   | Found a staircase to the Swamp.
 12261 | Lair:4   | Noticed brujo666's ghost (journeyman TrMo)
 12272 | Lair:4   | Reached skill level 5 in Dodging
 12306 | Lair:4   | Reached XP level 13. HP: 76/76 MP: 9/16
 12322 | Lair:4   | Killed brujo666's ghost
 12534 | Lair:3   | Reached skill level 14 in Shields
 12563 | Lair:4   | Reached skill level 5 in Invocations
 12957 | Lair:4   | Reached ****** piety under Qazlal
 13662 | Lair:5   | Found a viscous altar of Jiyva.
 13663 | Lair:5   | Found a staircase to the Slime Pits.
 14265 | Lair:6   | Entered Level 6 of the Lair of Beasts
 14436 | Lair:6   | Reached skill level 15 in Shields
 14822 | Lair:6   | Gained mutation: Your large and strong wings let you fly indefinitely. [Gargoyle growth]
 14822 | Lair:6   | Reached XP level 14. HP: 82/83 MP: 17/17
 14957 | Lair:6   | Reached skill level 10 in Armour
 15542 | Lair:6   | Identified the +6 scale mail "Kuuthrut" {+Blink rC+ Int+3} (You found it on level 6 of the Lair of Beasts)
 15676 | Lair:6   | Found an opulent altar of Gozag.
 15920 | Orc:1    | Entered Level 1 of the Orcish Mines
 16189 | Orc:1    | Found a flagged portal.
 16198 | Bailey   | Entered a bailey
 16280 | Bailey   | Found a burning altar of Makhleb.
 16380 | Orc:2    | Entered Level 2 of the Orcish Mines
 16767 | Orc:2    | Found a staircase to the Elven Halls.
 17162 | Orc:2    | Found Puhot's Armour Shoppe.
 17162 | Orc:2    | Found Tarob's Armour Shop.
 17164 | Orc:2    | Found Qeyq's Armour Boutique.
 17166 | Orc:2    | Found Kayst's Armour Emporium.
 17316 | Swamp:1  | Entered Level 1 of the Swamp
 17346 | Swamp:1  | Reached skill level 5 in Evocations
 17406 | Swamp:1  | Noticed a thorn hunter
 17452 | Swamp:1  | Killed a thorn hunter
 18109 | Swamp:1  | Reached skill level 10 in Fighting
 18602 | Swamp:2  | Noticed a thorn hunter
 18609 | Swamp:2  | Reached XP level 15. HP: 92/92 MP: 19/19
 18628 | Swamp:2  | Killed a thorn hunter
 19014 | Swamp:2  | Noticed a thorn hunter
 19030 | Swamp:2  | Killed a thorn hunter
 19863 | Swamp:3  | Noticed SnubMonkey's ghost (adept DsWn)
 20146 | Swamp:2  | HP: 4/96 [eight-headed hydra (4)]
 20149 | Swamp:2  | Mangled by a shambling mangrove

Vault maps used:
D:1:      minmay_arrival_three_doors, corexii_hall_statues_l
D:2:      lemuel_round_altar, amethyst_killhole
D:4:      cheibrodos_pilgrimage, first_bread
D:5:      minmay_temple_entry_mist
D:6:      cheibrodos_iron_armory, uniq_edmund
D:7:      basic_altar, uniq_duvessa
D:9:      david_lair_generic, orc_0_dummy
Temple:   grunt_wide_crystal_templ
Lair:1:   lab_entry_generic, minmay_lair_oklob_items, hibernation_bobbens
Lair:3:   minmay_swamp_entry_worms, spider_nest_entry_a, beast_lair_carwin_11,
          wad_woods_river_01, lemuel_fruit_fields
Lair:4:   beast_lair_carwin_3, serial_bayou_shore_b, serial_bayou_shore_b,
          grunt_megastairs_5, infiniplex_staircase_pool_2
Lair:5:   slime_altar_1, serial_bayou_pond_e
Lair:6:   minmay_lair_end_frog_pond, lemuel_centaur_altar,
          infiniplex_staircase_pool
Swamp:1:  evilmike_swamp_ruin_house_4
Swamp:2:  nicolae_swamp_treefoil, swamp_pool4, nicolae_swamp_baby_hydras
Swamp:3:  evilmike_swamp_ruin_house_1, uniq_kirke
Orc:1:    enter_bailey_3
Orc:2:    st_orc_rangers
Bailey:   bailey_axe_3, bailey

Skill      XL: |  1  2  3  4  5  6  7  8  9 10 11 12 13 14 15 |
---------------+----------------------------------------------+-----
Maces & Flails | 3 4 5 6 7 8 9 10 11 12 13 | 13.2
Summonings     | 1 2 |  2.0
Evocations     | 1 2 3 4 5 6 |  6.0
Shields        | 4 5 7 9 11 13 15 | 15.0
Armour         | 4 5 6 7 8 9 11 12 | 12.3
Fighting       | 4 5 6 7 10 11 | 11.6
Spellcasting   | 1 |  1.0
Invocations    | 1 3 4 5 6 7 |  7.2
Dodging        | 1 2 3 4 5 6 |  6.3

Action                   |  1- 3 |  4- 6 |  7- 9 | 10-12 | 13-15 || total
-------------------------+-------+-------+-------+-------+-------++-------
Melee: Flail             |    98 |    25 |       |       |       ||   123
       Whip              |       |   189 |   711 |  1423 |  2382 ||  4705
Invok: Upheaval          |       |       |       |     1 |       ||     1
       Elemental Force   |       |       |       |     1 |    12 ||    13
       Disaster Area     |       |       |       |       |     1 ||     1
Evoke: Wand              |       |       |       |       |     4 ||     4
  Use: Potion            |     1 |       |     5 |     4 |     7 ||    17
       Scroll            |       |     8 |     6 |     4 |     7 ||    25
 Stab: Distracted        |       |       |       |       |     3 ||     3
       Confused          |       |       |       |       |     1 ||     1
  Eat: Chunk             |       |     5 |    13 |    16 |    20 ||    54
       Meat ration       |       |     1 |       |       |       ||     1
       Royal jelly       |       |     1 |       |       |       ||     1
       Fruit             |       |       |       |     3 |     3 ||     6
       Bread ration      |       |       |       |       |     1 ||     1
Armor: Scale mail        |    73 |    78 |    44 |       |       ||   195
       Skin              |       |       |    19 |       |       ||    19
       Plate armour      |       |       |   160 |       |       ||   160
       Shadow dragon sca |       |       |    32 |   577 |   517 ||  1126
Dodge: Dodged            |    34 |    54 |    81 |   294 |   351 ||   814
       Deflected         |       |       |       |       |    10 ||    10
Block: Shield            |    66 |    88 |   272 |  1094 |  1912 ||  3432
       Reflection        |       |       |       |       |   111 ||   111

Table legend:
 A = Spawn XP
 B = Non-spawn XP
 C = Spawn XP percentage of total XP
 D = Spawn monster count
 E = Non-spawn monster count
 F = Spawn count percentage of total count
 G = Total turns spent on level
                    A         B        C        D         E        F      G
               +---------+---------+-------+---------+---------+-------+---------
         Total |       0 |  109195 |   0.0 |       0 |     609 |   0.0 | 20149
               +---------+---------+-------+---------+---------+-------+---------
           D:1 |       0 |      32 |   0.0 |       0 |      19 |   0.0 |   704
           D:2 |       0 |     107 |   0.0 |       0 |      23 |   0.0 |   784
           D:3 |       0 |      75 |   0.0 |       0 |      12 |   0.0 |   697
           D:4 |       0 |     291 |   0.0 |       0 |      15 |   0.0 |   798
           D:5 |       0 |     800 |   0.0 |       0 |      22 |   0.0 |   603
           D:6 |       0 |    1156 |   0.0 |       0 |      38 |   0.0 |  1268
           D:7 |       0 |     835 |   0.0 |       0 |      19 |   0.0 |  1331
           D:8 |       0 |    1297 |   0.0 |       0 |      13 |   0.0 |   967
           D:9 |       0 |    2973 |   0.0 |       0 |      30 |   0.0 |  1117
        Lair:1 |       0 |    3985 |   0.0 |       0 |      22 |   0.0 |  1173
        Lair:2 |       0 |    9579 |   0.0 |       0 |      41 |   0.0 |  1405
        Lair:3 |       0 |   13200 |   0.0 |       0 |      48 |   0.0 |  1663
        Lair:4 |       0 |    9651 |   0.0 |       0 |      39 |   0.0 |  1133
        Lair:5 |       0 |    3778 |   0.0 |       0 |      17 |   0.0 |   886
        Lair:6 |       0 |   17159 |   0.0 |       0 |      67 |   0.0 |  1396
       Swamp:1 |       0 |   13416 |   0.0 |       0 |      41 |   0.0 |  1281
       Swamp:2 |       0 |   20977 |   0.0 |       0 |      53 |   0.0 |  1493
       Swamp:3 |       0 |    2151 |   0.0 |       0 |       3 |   0.0 |    59
         Orc:1 |       0 |    1380 |   0.0 |       0 |      15 |   0.0 |   322
         Orc:2 |       0 |    5941 |   0.0 |       0 |      60 |   0.0 |   833
        Bailey |       0 |     412 |   0.0 |       0 |      12 |   0.0 |   141
               +---------+---------+-------+---------+---------+-------+---------
